 Dungeon Crawl Stone Soup version 0.30-a0-4-ga7cffc901d (webtiles) character file.

Game seed: 15577426236105172459

592 Aurif3x the Chopper (level 7, -3/61 HPs)
             Began as a Hill Orc Monk on Aug 21, 2022.
             Was a Priest of the Shining One.
             Slain by Duvessa
             ... wielding a +0 short sword
              (11 damage)
             ... on level 5 of the Dungeon.
             The game lasted 00:17:05 (5777 turns).

Aurif3x the Chopper (Hill Orc Monk)                 Turns: 5777, Time: 00:17:06

Health: -3/61      AC:  8    Str: 16    XL:     7   Next: 39%
Magic:  7/7        EV: 12    Int: 10    God:    the Shining One [***...]
Gold:   196        SH:  0    Dex: 13    Spells: 5/6 levels left

rFire   . . .      SeeInvis +    a - +0 hand axe
rCold   + + +      Faith    +    (no shield)
rNeg    + . .      Spirit   .    k - +4 skin of Zhor {*Englaciate rC+++ SInv}
rPois   .          Reflect  .    v - +2 hat
rElec   .          Harm     .    (no cloak)
rCorr   .          Rampage  .    (no gloves)
Will    .....                    (no boots)
Stlth   +.........               p - amulet of faith
HPRegen 0.20/turn                (no ring)
MPRegen 0.10/turn                (no ring)

@: glowing
A: no striking features
a: Renounce Religion, Divine Shield, Cleansing Flame


You were on level 5 of the Dungeon.
You worshipped the Shining One.
The Shining One was most pleased with you.
You visited 1 branch of the dungeon, and saw 5 of its levels.

You collected 196 gold pieces.

Inventory:

Hand Weapons
 a - a +0 hand axe (weapon)
 n - a +1 falchion of freezing
Missiles
 b - 47 stones
 m - 7 poisoned darts
Armour
 g - a +0 scale mail
 k - the +4 skin of Zhor (worn) {*Englaciate rC+++ SInv}
   (You found it on level 3 of the Dungeon)

   It radiates cold, occasionally slowing all nearby creatures who are not
   resistant to cold.
   rC:        It renders you almost immune to cold.
   SInv:      It lets you see invisible.
 v - a +2 hat (worn)
Jewellery
 p - an amulet of faith (around neck)
Wands
 w - a wand of flame (25)
Scrolls
 e - a scroll of amnesia {unknown}
 f - a scroll of immolation {unknown}
 l - a scroll of fog
 o - a scroll of teleportation
 r - 2 scrolls of enchant armour
 s - a scroll of fear {unknown}
 t - a scroll of silence
 u - a scroll of enchant weapon
 x - a scroll of blinking
 y - a scroll of poison {unknown}
 z - a scroll of noise {unknown}
Potions
 c - a potion of ambrosia
 d - a potion of degeneration {unknown}
 h - a potion of haste {unknown}
 i - 2 potions of curing
 j - 2 potions of berserk rage {unknown}
 q - a potion of magic {unknown}


   Skills:
 + Level 5.2 Fighting
 + Level 7.5 Axes
 + Level 3.7 Armour
 + Level 3.0 Dodging
 + Level 2.3 Stealth
 + Level 0.2 Spellcasting
 + Level 0.8 Conjurations
 + Level 0.4 Air Magic


You had 5 spell levels left.
You knew the following spells:

 Your Spells              Type           Power      Damage    Failure   Level
a - Shock                 Conj/Air       4%         1d3       28%         1

Your spell library contained the following spells:

 Spells                   Type           Power      Damage    Failure   Level
 Magic Dart               Conj           4%         1d3       26%         1
 Poisonous Vapours        Pois/Air       0%         N/A       45%         2
 Call Imp                 Summ           0%         N/A       50%         2
 Mephitic Cloud           Conj/Pois/Air  0%         N/A       67%         3
 Swiftness                Air            1%         N/A       67%         3
 Call Canine Familiar     Summ           0%         N/A       75%         3
 Portal Projectile        Hex/Tloc       0%         N/A       75%         3
 Airstrike                Air            0%         2d(1-17)  97%         4
 Corpse Rot               Necr/Pois/Air  0%         N/A       98%         4
 Leda's Liquefaction      Hex/Erth       0%         N/A       98%         4


Dungeon Overview and Level Annotations

Branches:
Dungeon (5/15)
 Temple: D:4-7

Altars:
Okawaru
The Shining One

Shops:
D:1 (

Annotations:
D:5 Duvessa


Message History

Duvessa is heavily wounded.
You hit Dowan but do no damage. Duvessa hits you with a +0 short sword.
You hit Duvessa but do no damage.
Duvessa is heavily wounded.
You hit Dowan but do no damage.
Dowan is no longer moving slowly.
Dowan points at Duvessa and mumbles some strange words.
Duvessa seems to speed up.
Duvessa barely misses you.
You hit Duvessa.
Duvessa is heavily wounded.
You hit Dowan but do no damage. Dowan misses you.
Duvessa hits you with a +0 short sword.
You hit Duvessa but do no damage.
Duvessa is heavily wounded.
You hit Dowan. Dowan hits you with a +0 dagger. Duvessa closely misses you.
You hit Duvessa but do no damage.
Duvessa is heavily wounded.
You hit Dowan.
You kill Dowan!
Duvessa weeps, and shakes her weapon.
Duvessa shakes off her lethargy.
Duvessa goes berserk!
Duvessa hits you with a +0 short sword.
You slash Duvessa!
Duvessa is severely wounded.
You radiate an aura of cold.
Duvessa seems to slow down.
Duvessa hits you with a +0 short sword!
You hit Duvessa but do no damage.
Duvessa is heavily wounded.
Duvessa hits you with a +0 short sword!
* * * LOW HITPOINT WARNING * * *
You feel better.
Duvessa is no longer moving slowly.
Duvessa closely misses you.
You hit Duvessa but do no damage.
Duvessa is heavily wounded.
Duvessa hits you with a +0 short sword!
* * * LOW HITPOINT WARNING * * *
Duvessa hits you with a +0 short sword!
* * * LOW HITPOINT WARNING * * *
Okay, then.
Duvessa attacks as you move away! Duvessa hits you with a +0 short sword!
You die...

############
#.....)e@.<#
.........)...#
###..........#
#..........#
###.########
#. #. ..


You could see Duvessa (berserk, fast).

Vanquished Creatures
  Sigmund (D:3)
  An ogre (D:5)
  A scorpion (D:4)
  Dowan (D:5)
  A gnoll bouda (D:4)
  A hound (D:4)
  Jessica (D:2)
  9 gnolls
  An adder (D:3)
  2 worms (D:2)
  3 orcs
  4 endoplasms
  A giant cockroach (D:2)
  5 goblins
  11 hobgoblins
  11 ball pythons
  3 bats
  2 frilled lizards (D:1)
  5 kobolds
  4 rats
68 creatures vanquished.

Notes
Turn   | Place    | Note
-------+----------+-------------------------------------------
     0 | D:1      | Aurif3x the Hill Orc Monk began the quest for the Orb.
     0 | D:1      | Reached XP level 1. HP: 19/19 MP: 1/1
    37 | D:1      | Found a faded altar of an unknown god.
    45 | D:1      | Prayed at the altar of an unknown god.
    45 | D:1      | Became a worshipper of the Shining One
    45 | D:1      | Reached * piety under the Shining One
    45 | D:1      | Reached ** piety under the Shining One
   203 | D:1      | Found Diarut's Antique Weapon Emporium.
   212 | D:1      | Reached XP level 2. HP: 24/27 MP: 2/2
   908 | D:2      | Reached skill level 5 in Axes
   908 | D:2      | Reached XP level 3. HP: 27/33 MP: 3/3
  1117 | D:2      | Identified the +2 falchion of Ashenzari {vorpal, rPois}
  1406 | D:2      | Reached *** piety under the Shining One
  1752 | D:2      | Noticed Jessica
  1765 | D:2      | Killed Jessica
  1766 | D:2      | Reached skill level 1 in Armour
  1766 | D:2      | Reached XP level 4. HP: 29/40 MP: 4/4
  1924 | D:2      | You fall into a shaft and drop 2 floors!
  2039 | D:4      | HP: 1/41 [gnoll/+0 spear[a gnoll bouda] (6)]
  2378 | D:3      | Noticed Sigmund
  3305 | D:2      | Reached XP level 5. HP: 32/47 MP: 5/5
  3692 | D:3      | Found the +4 skin of Zhor {*Englaciate rC+++ SInv}
  3788 | D:3      | Learned a level 1 spell: Shock
  3809 | D:3      | Killed Sigmund
  3810 | D:3      | Reached skill level 6 in Axes
  3810 | D:3      | Reached XP level 6. HP: 48/55 MP: 3/6
  4579 | D:5      | Entered Level 5 of the Dungeon
  5584 | D:4      | Reached skill level 5 in Fighting
  5584 | D:4      | Reached XP level 7. HP: 58/61 MP: 7/7
  5589 | D:4      | Reached skill level 7 in Axes
  5638 | D:4      | Found an iron altar of Okawaru.
  5743 | D:5      | Noticed Duvessa
  5745 | D:5      | Noticed Dowan
  5772 | D:5      | Killed Dowan
  5777 | D:5      | Slain by Duvessa

Illustrated notes

Levels and vault maps discovered:
D:1:      enne_arrival_octagon_isle, layout_basic, serial_shops, shop_statue,
          basic_ecumenical_altar, chequers_decorated_corner,
          minmay_misc_feat_rugged
D:2:      layout_loops_ring, uniq_jessica
D:3:      layout_basic, uniq_sigmund
D:4:      layout_loops_ring, mainiacjoe_overflow_brackets
D:5:      layout_rooms, minmay_temple_entry_glass, serial_bayou_pond_b,
          chequers_serial_rivers_micro_b, uniq_duvessa

Skill      XL: |  1  2  3  4  5  6  7 |
---------------+----------------------+-----
Fighting       | 4 5 |  5.2
Axes           | 5 6 7 |  7.5
Armour         | 1 3 |  3.7
Stealth        | 2 |  2.3
Dodging        | 3 |  3.0
Spellcasting   | |  0.2
Conjurations   | |  0.8
Air Magic      | |  0.4

Action                   |  1- 3 |  4- 6 |  7- 9 || total
-------------------------+-------+-------+-------++-------
Melee: Hand axe          |    95 |   130 |    33 ||   258
       Punch             |     3 |       |     1 ||     4
 Cast: Shock             |       |     4 |     2 ||     6
  Use: Scroll            |       |     7 |       ||     7
       Potion            |       |     1 |     1 ||     2
Armor: Ring mail         |    13 |       |       ||    13
       Robe              |     1 |       |       ||     1
       Scale mail        |    20 |    19 |       ||    39
       Animal skin       |       |    21 |     6 ||    27
Dodge: Dodged            |    41 |   102 |    17 ||   160

Table legend: (Time is in decaauts)
 A = Elapsed time spent in this place.
 B = Non-inter-level travel time spent in this place.
 C = Inter-level travel time spent in this place.
 D = Time resting spent in this place.
 E = Time spent auto-exploring this place.
 F = Levels seen in this place.
 G = Mean time per level.
                   A        B        C        D        E       F      G
               +--------+--------+--------+--------+--------+-----+--------+
         Total |   5788 |   5788 |      0 |   2573 |   1901 |   5 | 1157.6 |
       Dungeon |   5788 |   5788 |      0 |   2573 |   1901 |   5 | 1157.6 |
               +--------+--------+--------+--------+--------+-----+--------+

Top non-repeatable levels by time:
     D:2: 2291 daAuts
     D:3: 1224 daAuts
     D:4: 976 daAuts
     D:1: 739 daAuts
     D:5: 556 daAuts
